Calgary Flames vs St.Louis Blues
Created - Thursday, June 26, 2025 at 08:10
Goals
|
| Calgary Flames |
0 |
0 |
1 |
1 |
| St.Louis Blues |
0 |
2 |
1 |
3 |
|
Shots
|
| Calgary Flames |
4 |
9 |
10 |
23 |
| St.Louis Blues |
14 |
13 |
11 |
38 |
|
1st period
No Goal
Penalties :
Brandon Hagel (STL) for Slashing (Minor) at 19:00
2nd period
1. St.Louis Blues , Brayden Point 13 (Jake Sanderson 3) at 12:10
2. St.Louis Blues , Jake Guentzel 11 (Brandon Hagel 5, Jack Eichel 14) at 13:01
Penalties :
Matthew Tkachuk (CGY) for Interference (Minor) at 1:15, Kris Letang (CGY) for Tripping (Minor) at 5:50
3rd period
3. St.Louis Blues , Brandon Hagel 3 (Jake Sanderson 4) at 1:13
4. Calgary Flames , J.T. Miller 10 (Matthew Tkachuk 16) at 1:36
Penalties :
Jaccob Slavin (STL) for High sticking (Minor) at 9:05, Jeremy Lauzon (CGY) for Tripping (Minor) at 15:57
Goalie Stats
Ilya Sorokin (CGY), 35 saves from 38 shots - (0.921), L, 12-6-1, 60:00 minutes
Connor Hellebuyck (STL), 22 saves from 23 shots - (0.957), W, 14-4-2, 60:00 minutes
Players Stats for Calgary Flames
Player Name G A P +/- PIM S H SB GA TA FO MP PP MP PK MP
------------------------------------------------------------------------------------
Bo Horvat 0 0 0 -1 0 3 1 1 0 0 12/18 12:23 0:00 0:00
Cale Makar 0 0 0 -1 0 1 0 0 1 1 0/0 23:16 1:44 3:15
Chris Kreider 0 0 0 0 0 0 1 0 2 0 0/2 19:25 2:08 2:38
Drew Doughty 0 0 0 -1 0 0 0 1 0 2 0/0 23:30 1:44 3:07
Filip Hronek 0 0 0 -1 0 1 0 0 0 0 0/0 14:43 0:00 0:00
J.T. Miller 1 0 1 0 0 2 1 1 0 0 12/21 19:28 2:08 2:41
Jake Middleton 0 0 0 -1 0 0 2 2 2 0 0/0 16:22 0:00 1:39
Jeremy Lauzon 0 0 0 0 2 0 1 0 0 1 0/0 21:29 2:14 2:06
Joel Eriksson Ek 0 0 0 -1 0 0 3 0 1 0 1/1 17:14 0:00 3:07
Kris Letang 0 0 0 0 2 0 0 1 0 1 0/0 20:49 2:14 1:47
Mathieu Joseph 0 0 0 0 0 3 2 0 0 0 0/0 8:56 0:00 0:00
Matthew Tkachuk 0 1 1 0 2 2 2 2 0 0 0/1 16:40 2:08 0:00
Nic Dowd 0 0 0 0 0 1 1 0 0 0 0/0 8:56 0:00 0:00
Nicholas Paul 0 0 0 0 0 1 0 0 0 0 1/6 9:08 0:00 0:12
Oliver Bjorkstrand 0 0 0 -1 0 3 0 0 0 0 0/0 12:23 0:00 0:00
Pavel Zacha 0 0 0 -1 0 4 4 0 0 0 2/2 14:22 1:50 0:09
Sebastian Aho 0 0 0 -1 0 0 2 0 0 0 12/23 19:04 1:50 3:07
Zach Hyman 0 0 0 -1 0 2 1 0 0 0 0/0 15:52 1:50 0:00
Players Stats for St.Louis Blues
Player Name G A P +/- PIM S H SB GA TA FO MP PP MP PK MP
------------------------------------------------------------------------------------
Alex Pietrangelo 0 0 0 0 0 0 0 2 0 0 0/0 22:49 1:25 1:05
Alex Tuch 0 0 0 0 0 0 1 0 0 0 0/0 15:20 3:06 2:02
Brandon Hagel 1 1 2 1 2 3 4 1 0 0 0/1 18:37 2:50 0:00
Brayden Point 1 0 1 1 0 3 1 0 0 1 0/2 19:43 2:57 0:00
Colton Parayko 0 0 0 0 0 0 1 0 0 2 0/0 24:48 0:00 1:48
Dakota Joshua 0 0 0 0 0 0 1 2 0 0 0/1 7:46 0:24 0:00
Elias Lindholm 0 0 0 0 0 1 0 0 0 0 4/8 11:59 0:00 2:02
Elias Pettersson 0 0 0 1 0 3 1 0 1 0 1/2 20:00 3:01 0:06
Jaccob Slavin 0 0 0 2 2 0 1 0 0 0 0/0 16:22 0:00 1:05
Jack Eichel 0 1 1 1 0 8 3 1 0 0 10/22 19:55 3:05 0:00
Jake Guentzel 1 0 1 1 0 5 1 1 0 0 2/2 18:23 2:45 0:00
Jake Sanderson 0 2 2 2 0 2 2 1 1 0 0/0 20:56 1:27 1:59
Lars Eller 0 0 0 0 0 4 0 0 1 0 7/11 9:24 0:00 1:50
Logan O'Connor 0 0 0 0 0 3 1 0 0 1 2/2 9:27 0:03 1:50
Mark Stone 0 0 0 0 0 2 0 0 0 1 0/1 13:41 2:52 0:00
Mikhail Sergachev 0 0 0 0 0 1 0 0 0 0 0/0 16:08 3:05 0:48
Nick Leddy 0 0 0 0 0 0 0 1 0 1 0/0 12:25 0:00 1:11
Robert Thomas 0 0 0 1 0 3 1 0 2 0 8/22 18:17 2:45 0:06
3 Stars
1 - Brandon Hagel (STL)
2 - Jake Sanderson (STL)
3 - Jake Guentzel (STL)
Power Play
Calgary Flames - 0 on 2 Attempt(s) - 0.00%
St.Louis Blues - 0 on 3 Attempt(s) - 0.00%
Penalty Kill
Calgary Flames - 3 on 3 Attempt(s) - 100.00%
- Score 0 goal in Penalty Kill
St.Louis Blues - 2 on 2 Attempt(s) - 100.00%
- Score 0 goal in Penalty Kill
Team Stat
Calgary Flames - Hits : 21 - Faceoff Wins : 40 - Blocked Shots : 8 - Penalty Minutes : 6
St.Louis Blues - Hits : 18 - Faceoff Wins : 34 - Blocked Shots : 9 - Penalty Minutes : 4
Official
Referees : Jon Mcisaac and Cody Beach
Linesman : Scott Cherrey and Steve Barton
Game Notes
Alex Pietrangelo is injured at 9:01 of 3rd period (Strained Right Elbow)
Finance
Level 1 -- Attendance: 6000 (100.00%) -- Ticket Income $570,000
Level 2 -- Attendance: 5000 (100.00%) -- Ticket Income $285,000
Level 3 -- Attendance: 3000 (100.00%) -- Ticket Income $99,000
Level 4 -- Attendance: 5000 (100.00%) -- Ticket Income $115,000
Luxury Box -- Attendance: 1000 (100.00%) -- Ticket Income $194,000
Game was played at the Scottrade Center.
Total Attendance: 20000 (100.00%)
Total Ticket Income: $1,263,000
Other Income: $442,050
Total Income: $1,705,050
Calgary Flames
5 vs 5 Forward
Center Left Wing Right Wing Time % Phy DF OF
1 J.T. Miller Chris Kreider Matthew Tkachuk 30 0 3 2
2 Sebastian Aho Joel Eriksson Ek Zach Hyman 30 0 3 2
3 Bo Horvat Pavel Zacha Oliver Bjorkstrand 25 0 2 3
4 Nicholas Paul Nic Dowd Mathieu Joseph 15 1 2 2
5 vs 5 Defense
Defense Defense Time % Phy DF OF
1 Drew Doughty Cale Makar 35 0 2 3
2 Kris Letang Jeremy Lauzon 35 0 2 3
3 Filip Hronek Jake Middleton 30 1 2 2
4 Drew Doughty Cale Makar 0 1 2 2
PowerPlay Forward
Center Left Wing Right Wing Time % Phy DF OF
1 J.T. Miller Chris Kreider Matthew Tkachuk 50 1 2 2
2 Sebastian Aho Pavel Zacha Zach Hyman 50 1 2 2
PowerPlay Defense
Defense Defense Time % Phy DF OF
1 Drew Doughty Cale Makar 50 1 2 2
2 Kris Letang Jeremy Lauzon 50 1 2 2
Penalty Kill 4 Players Forward
Center Wing Time % Phy DF OF
1 J.T. Miller Chris Kreider 50 1 2 2
2 Sebastian Aho Joel Eriksson Ek 50 1 2 2
Penalty Kill 4 Players Defense
Defense Defense Time % Phy DF OF
1 Drew Doughty Cale Makar 50 1 2 2
2 Kris Letang Jeremy Lauzon 50 1 2 2
Penalty Kill - 3 Players Forward
Forward Time % Phy DF OF
1 J.T. Miller 50 1 2 2
2 Chris Kreider 50 1 2 2
Penalty Kill - 3 Players Defense
Defense Defense Time % Phy DF OF
1 Drew Doughty Cale Makar 50 1 2 2
2 Kris Letang Jeremy Lauzon 50 1 2 2
4 vs 4 Forward
Center Wing Time % Phy DF OF
1 J.T. Miller Chris Kreider 50 1 2 2
2 Sebastian Aho Joel Eriksson Ek 50 1 2 2
4 vs 4 Defense
Defense Defense Time % Phy DF OF
1 Drew Doughty Cale Makar 50 1 2 2
2 Kris Letang Jeremy Lauzon 50 1 2 2
Last Minutes Offensive
Center Left Wing Right Wing Defense Defense
J.T. Miller Chris Kreider Matthew Tkachuk Drew Doughty Cale Makar
Last Minutes Defensive
Center Left Wing Right Wing Defense Defense
J.T. Miller Chris Kreider Matthew Tkachuk Drew Doughty Cale Makar
Goaltenders
Starting : Ilya Sorokin
Backup : Samuel Montembeault
Extra Forwards
Normal : Nic Dowd, Bo Horvat, Nicholas Paul - PP : Nic Dowd, Bo Horvat - PK : Nicholas Paul
Extra Defensemen
Normal : Filip Hronek, Jake Middleton, Kris Letang - PP : Filip Hronek - PK : Jake Middleton, Kris Letang
Penalty Shots
J.T. Miller, Chris Kreider, Sebastian Aho, Joel Eriksson Ek, Bo Horvat
Scratches
None
St.Louis Blues
5 vs 5 Forward
Center Left Wing Right Wing Time % Phy DF OF
1 Jack Eichel Elias Pettersson Brayden Point 36 0 2 3
2 Robert Thomas Brandon Hagel Jake Guentzel 35 0 2 3
3 Elias Lindholm Alex Tuch Mark Stone 22 0 3 2
4 Lars Eller Dakota Joshua Logan O'Connor 7 1 2 2
5 vs 5 Defense
Defense Defense Time % Phy DF OF
1 Colton Parayko Alex Pietrangelo 45 1 2 2
2 Jake Sanderson Jaccob Slavin 35 1 2 2
3 Mikhail Sergachev Nick Leddy 20 1 2 2
4 Colton Parayko Alex Pietrangelo 0 1 2 2
PowerPlay Forward
Center Left Wing Right Wing Time % Phy DF OF
1 Robert Thomas Jake Guentzel Brayden Point 60 1 0 4
2 Elias Pettersson Brandon Hagel Alex Tuch 40 1 0 4
PowerPlay Defense
Defense Defense Time % Phy DF OF
1 Jack Eichel Mikhail Sergachev 60 0 1 4
2 Mark Stone Alex Pietrangelo 40 0 1 4
Penalty Kill 4 Players Forward
Center Wing Time % Phy DF OF
1 Lars Eller Logan O'Connor 50 1 4 0
2 Elias Lindholm Alex Tuch 50 1 4 0
Penalty Kill 4 Players Defense
Defense Defense Time % Phy DF OF
1 Jake Sanderson Colton Parayko 50 1 4 0
2 Jaccob Slavin Alex Pietrangelo 50 1 4 0
Penalty Kill - 3 Players Forward
Forward Time % Phy DF OF
1 Elias Lindholm 50 0 5 0
2 Lars Eller 50 0 5 0
Penalty Kill - 3 Players Defense
Defense Defense Time % Phy DF OF
1 Jake Sanderson Colton Parayko 50 0 5 0
2 Nick Leddy Alex Pietrangelo 50 0 5 0
4 vs 4 Forward
Center Wing Time % Phy DF OF
1 Robert Thomas Jake Guentzel 50 0 2 3
2 Jack Eichel Brayden Point 50 0 2 3
4 vs 4 Defense
Defense Defense Time % Phy DF OF
1 Jake Sanderson Alex Pietrangelo 50 0 3 2
2 Colton Parayko Mikhail Sergachev 50 0 3 2
Last Minutes Offensive
Center Left Wing Right Wing Defense Defense
Robert Thomas Jake Guentzel Brayden Point Jack Eichel Mikhail Sergachev
Last Minutes Defensive
Center Left Wing Right Wing Defense Defense
Elias Lindholm Logan O'Connor Robert Thomas Alex Pietrangelo Colton Parayko
Goaltenders
Starting : Connor Hellebuyck
Backup : Scott Wedgewood
Extra Forwards
Normal : Brayden Point, Brandon Hagel, Mark Stone - PP : Elias Pettersson, Dakota Joshua - PK : Robert Thomas
Extra Defensemen
Normal : Jake Sanderson, Mikhail Sergachev, Colton Parayko - PP : Alex Pietrangelo - PK : Jaccob Slavin, Nick Leddy
Penalty Shots
Elias Pettersson, Jack Eichel, Brayden Point, Jake Guentzel, Robert Thomas
Scratches
Jack Roslovic (Healthy), Adam Pelech (Healthy)
% Time on Ice - Calgary Flames
Lines # - Real PCT - Wanted PCT - Time Play
Normal Forward
1 - 29% - 30% - 14:39
2 - 28% - 30% - 14:07
3 - 25% - 25% - 12:23
4 - 18% - 15% - 8:56
Normal Defense
1 - 35% - 35% - 17:36
2 - 34% - 35% - 17:10
3 - 29% - 30% - 14:43
4 - 1% - 0% - 0:36
PP Forward
1 - 54% - 50% - 2:08
2 - 46% - 50% - 1:50
PP Defense
1 - 44% - 50% - 1:44
2 - 56% - 50% - 2:14
PK Forward
1 - 48% - 50% - 2:50
2 - 52% - 50% - 3:07
PK Defense
1 - 42% - 50% - 2:29
2 - 58% - 50% - 3:28
PK3 Forward
1 - 0% - 50%
2 - 0% - 50%
PK3 Defense
1 - 0% - 50%
2 - 0% - 50%
44 Forward
1 - 0% - 50%
2 - 0% - 50%
44 Defense
1 - 0% - 50%
2 - 0% - 50%
Last Minute Offensive - 0:00
Last Minute Defensive - 0:00
Total
Forward - 60:00
Defense - 60:00
|
% Time on Ice - St.Louis Blues
Lines # - Real PCT - Wanted PCT - Time Play
Normal Forward
1 - 34% - 36% - 17:01
2 - 31% - 35% - 15:34
3 - 20% - 22% - 9:57
4 - 15% - 7% - 7:33
Normal Defense
1 - 46% - 45% - 22:59
2 - 32% - 35% - 15:53
3 - 22% - 20% - 11:13
4 - 0% - 0% - 0:00
PP Forward
1 - 51% - 60% - 3:02
2 - 49% - 40% - 2:55
PP Defense
1 - 52% - 60% - 3:05
2 - 48% - 40% - 2:52
PK Forward
1 - 49% - 50% - 1:56
2 - 51% - 50% - 2:02
PK Defense
1 - 34% - 50% - 1:20
2 - 66% - 50% - 2:38
PK3 Forward
1 - 0% - 50%
2 - 0% - 50%
PK3 Defense
1 - 0% - 50%
2 - 0% - 50%
44 Forward
1 - 0% - 50%
2 - 0% - 50%
44 Defense
1 - 0% - 50%
2 - 0% - 50%
Last Minute Offensive - 0:00
Last Minute Defensive - 0:00
Total
Forward - 60:00
Defense - 60:00
|
Play-by-Play
1st period
0:01 of 1st period - Jack Eichel wins face-off versus J.T. Miller in neutral zone.
0:10 of 1st period - Slapshot by Jack Eichel.
0:10 of 1st period - Stopped by Ilya Sorokin with a rebound.
0:23 of 1st period - Icing by Matthew Tkachuk.
0:24 of 1st period - Sebastian Aho wins face-off versus Robert Thomas in Calgary Flames zone.
0:32 of 1st period - Off-side.
0:33 of 1st period - Elias Lindholm wins face-off versus Bo Horvat in neutral zone.
0:48 of 1st period - Snap shot by Mark Stone.
0:48 of 1st period - Stopped by Ilya Sorokin without a rebound.
0:49 of 1st period - Robert Thomas wins face-off versus Nicholas Paul in Calgary Flames zone.
0:52 of 1st period - Snap shot by Robert Thomas.
0:52 of 1st period - Stopped by Ilya Sorokin with a rebound.
1:23 of 1st period - Wrist shot by Brayden Point.
1:23 of 1st period - Stopped by Ilya Sorokin without a rebound.
1:24 of 1st period - Bo Horvat wins face-off versus Lars Eller in Calgary Flames zone.
2:51 of 1st period - Snap shot by Nicholas Paul.
2:51 of 1st period - Stopped by Connor Hellebuyck without a rebound.
2:52 of 1st period - Jack Eichel wins face-off versus Nicholas Paul in St.Louis Blues zone.
2:52 of 1st period - Jack Eichel is hit by Mathieu Joseph.
3:32 of 1st period - Snap shot by Nicholas Paul.
3:32 of 1st period - Shot Misses the Net.
3:34 of 1st period - Snap shot by Mathieu Joseph.
3:34 of 1st period - Stopped by Connor Hellebuyck without a rebound.
3:35 of 1st period - Robert Thomas wins face-off versus Chris Kreider in St.Louis Blues zone.
4:23 of 1st period - Wrist shot by Brandon Hagel.
4:23 of 1st period - Stopped by Ilya Sorokin with a rebound.
4:26 of 1st period - Icing by Jake Middleton.
4:27 of 1st period - J.T. Miller wins face-off versus Elias Lindholm in Calgary Flames zone.
4:27 of 1st period - J.T. Miller is hit by Alex Tuch.
5:25 of 1st period - Lars Eller is hit by Pavel Zacha and loses puck.
6:18 of 1st period - Wrist shot by Robert Thomas.
6:18 of 1st period - Stopped by Ilya Sorokin with a rebound.
6:42 of 1st period - Colton Parayko is hit by Joel Eriksson Ek and loses puck.
7:12 of 1st period - Jack Eichel is hit by Joel Eriksson Ek and loses puck.
7:25 of 1st period - Slapshot by Oliver Bjorkstrand.
7:25 of 1st period - Shot Blocked by Jake Sanderson.
8:31 of 1st period - Slapshot by Lars Eller.
8:31 of 1st period - Stopped by Ilya Sorokin without a rebound.
8:32 of 1st period - J.T. Miller wins face-off versus Lars Eller in Calgary Flames zone.
8:39 of 1st period - Wrist shot by Lars Eller.
8:39 of 1st period - Deflect By Logan O'Connor.
8:39 of 1st period - Stopped by Ilya Sorokin with a rebound.
8:41 of 1st period - Backhand shot by Logan O'Connor.
8:41 of 1st period - Stopped by Ilya Sorokin without a rebound.
8:42 of 1st period - J.T. Miller wins face-off versus Jack Eichel in Calgary Flames zone.
8:49 of 1st period - Wrist shot by J.T. Miller.
8:49 of 1st period - Shot Misses the Net.
9:14 of 1st period - Jeremy Lauzon is hit by Robert Thomas and loses puck.
9:53 of 1st period - Snap shot by Pavel Zacha.
9:53 of 1st period - Stopped by Connor Hellebuyck without a rebound.
9:54 of 1st period - Jack Eichel wins face-off versus Sebastian Aho in St.Louis Blues zone.
10:11 of 1st period - Snap shot by Jack Eichel.
10:11 of 1st period - Stopped by Ilya Sorokin with a rebound.
10:21 of 1st period - Alex Pietrangelo is hit by Bo Horvat and loses puck.
10:32 of 1st period - Wrist shot by Jake Guentzel.
10:32 of 1st period - Shot Misses the Net.
10:44 of 1st period - Slapshot by Mark Stone.
10:44 of 1st period - Shot Blocked by Drew Doughty.
10:46 of 1st period - Slapshot by Jake Sanderson.
10:46 of 1st period - Shot Misses the Net.
10:48 of 1st period - Wrist shot by Mark Stone.
10:48 of 1st period - Stopped by Ilya Sorokin without a rebound.
10:49 of 1st period - Sebastian Aho wins face-off versus Jack Eichel in Calgary Flames zone.
11:22 of 1st period - Jake Sanderson is hit by Chris Kreider and loses puck.
11:41 of 1st period - Alex Pietrangelo is hit by Jake Middleton and loses puck.
12:13 of 1st period - Wrist shot by Lars Eller.
12:13 of 1st period - Shot Misses the Net.
13:38 of 1st period - Kris Letang is hit by Jaccob Slavin and loses puck.
13:58 of 1st period - Icing by Brandon Hagel.
13:59 of 1st period - Robert Thomas wins face-off versus Sebastian Aho in St.Louis Blues zone.
14:25 of 1st period - Jaccob Slavin is hit by Joel Eriksson Ek and loses puck.
14:48 of 1st period - Wrist shot by Jake Guentzel.
14:48 of 1st period - Stopped by Ilya Sorokin without a rebound.
14:49 of 1st period - Bo Horvat wins face-off versus Jack Eichel in Calgary Flames zone.
14:49 of 1st period - Bo Horvat is hit by Colton Parayko.
15:15 of 1st period - Elias Lindholm is hit by Matthew Tkachuk and loses puck.
15:44 of 1st period - Mathieu Joseph is hit by Dakota Joshua and loses puck.
17:31 of 1st period - Snap shot by Mark Stone.
17:31 of 1st period - Deflect By Alex Tuch.
17:31 of 1st period - Shot Blocked by Kris Letang.
17:31 of 1st period - Puck is out of play.
17:32 of 1st period - Jack Eichel wins face-off versus J.T. Miller in Calgary Flames zone.
18:13 of 1st period - Off-side.
18:14 of 1st period - Jack Eichel wins face-off versus Sebastian Aho in neutral zone.
18:21 of 1st period - Slapshot by Brayden Point.
18:21 of 1st period - Deflect By Sebastian Aho.
18:21 of 1st period - Stopped by Ilya Sorokin with a rebound.
18:39 of 1st period - Chris Kreider is hit by Jake Guentzel and loses puck.
18:44 of 1st period - Wrist shot by Robert Thomas.
18:44 of 1st period - Stopped by Ilya Sorokin without a rebound.
18:45 of 1st period - Pavel Zacha wins face-off versus Robert Thomas in Calgary Flames zone.
19:00 of 1st period - Minor Penalty to Brandon Hagel for Slashing.
19:01 of 1st period - Lars Eller wins face-off versus J.T. Miller in St.Louis Blues zone.
19:01 of 1st period - Lars Eller is hit by J.T. Miller.
19:19 of 1st period - Wrist shot by Elias Lindholm.
19:19 of 1st period - Shot Blocked by Matthew Tkachuk.
19:35 of 1st period - Wrist shot by Pavel Zacha.
19:35 of 1st period - Stopped by Connor Hellebuyck without a rebound.
19:36 of 1st period - Lars Eller wins face-off versus Sebastian Aho in St.Louis Blues zone.
Goals for this period are 0 for Calgary Flames vs 0 for St.Louis Blues.
Shots for this period are 4 for Calgary Flames vs 14 for St.Louis Blues.
2nd period
0:01 of 2nd period - Lars Eller wins face-off versus J.T. Miller in neutral zone.
0:44 of 2nd period - Icing by Matthew Tkachuk.
0:45 of 2nd period - J.T. Miller wins face-off versus Lars Eller in Calgary Flames zone.
1:00 of 2nd period - Penalty to Brandon Hagel is over, Brandon Hagel is back on ice.
1:12 of 2nd period - Snap shot by Jack Eichel.
1:12 of 2nd period - Stopped by Ilya Sorokin without a rebound.
1:13 of 2nd period - J.T. Miller wins face-off versus Jack Eichel in Calgary Flames zone.
1:15 of 2nd period - Minor Penalty to Matthew Tkachuk for Interference.
1:16 of 2nd period - J.T. Miller wins face-off versus Robert Thomas in Calgary Flames zone.
1:43 of 2nd period - Cale Makar is hit by Brandon Hagel and loses puck.
1:48 of 2nd period - Snap shot by Elias Pettersson.
1:48 of 2nd period - Stopped by Ilya Sorokin with a rebound.
3:15 of 2nd period - Penalty to Matthew Tkachuk is over, Matthew Tkachuk is back on ice.
3:29 of 2nd period - Wrist shot by Bo Horvat.
3:29 of 2nd period - Stopped by Connor Hellebuyck without a rebound.
3:30 of 2nd period - Lars Eller wins face-off versus Bo Horvat in St.Louis Blues zone.
3:30 of 2nd period - Lars Eller is hit by Pavel Zacha.
3:38 of 2nd period - Slapshot by Lars Eller.
3:38 of 2nd period - Stopped by Ilya Sorokin without a rebound.
3:39 of 2nd period - Lars Eller wins face-off versus Sebastian Aho in Calgary Flames zone.
3:42 of 2nd period - Wrist shot by Lars Eller.
3:42 of 2nd period - Stopped by Ilya Sorokin without a rebound.
3:43 of 2nd period - Sebastian Aho wins face-off versus Dakota Joshua in Calgary Flames zone.
3:48 of 2nd period - Slapshot by Kris Letang.
3:48 of 2nd period - Shot Blocked by Alex Pietrangelo.
5:38 of 2nd period - Nicholas Paul is hit by Jack Eichel and loses puck.
5:43 of 2nd period - Snap shot by Brayden Point.
5:43 of 2nd period - Shot Misses the Net.
5:47 of 2nd period - Wrist shot by Jack Eichel.
5:47 of 2nd period - Stopped by Ilya Sorokin without a rebound.
5:48 of 2nd period - Sebastian Aho wins face-off versus Brayden Point in Calgary Flames zone.
5:50 of 2nd period - Minor Penalty to Kris Letang for Tripping.
5:51 of 2nd period - Sebastian Aho wins face-off versus Elias Pettersson in Calgary Flames zone.
6:55 of 2nd period - Drew Doughty is hit by Jake Sanderson and loses puck.
7:42 of 2nd period - Elias Pettersson is hit by Sebastian Aho and loses puck.
7:50 of 2nd period - Penalty to Kris Letang is over, Kris Letang is back on ice.
8:11 of 2nd period - Snap shot by Nicholas Paul.
8:11 of 2nd period - Deflect By Mathieu Joseph.
8:11 of 2nd period - Shot Blocked by Jake Guentzel.
8:11 of 2nd period - Puck is out of play.
8:12 of 2nd period - Logan O'Connor wins face-off versus Nicholas Paul in St.Louis Blues zone.
8:35 of 2nd period - Snap shot by Bo Horvat.
8:35 of 2nd period - Stopped by Connor Hellebuyck with a rebound.
8:41 of 2nd period - Wrist shot by Bo Horvat.
8:41 of 2nd period - Stopped by Connor Hellebuyck with a rebound.
8:58 of 2nd period - Mikhail Sergachev is hit by Sebastian Aho and loses puck.
9:17 of 2nd period - Snap shot by Jack Eichel.
9:17 of 2nd period - Shot Misses the Net.
9:34 of 2nd period - Snap shot by Mathieu Joseph.
9:34 of 2nd period - Shot Blocked by Brandon Hagel.
11:09 of 2nd period - Snap shot by Nicholas Paul.
11:09 of 2nd period - Deflect By Nic Dowd.
11:09 of 2nd period - Shot Misses the Net.
11:09 of 2nd period - Puck is out of play.
11:10 of 2nd period - Nicholas Paul wins face-off versus Robert Thomas in St.Louis Blues zone.
11:13 of 2nd period - Slapshot by Mathieu Joseph.
11:13 of 2nd period - Stopped by Connor Hellebuyck with a rebound.
11:44 of 2nd period - Jaccob Slavin is hit by Mathieu Joseph and loses puck.
12:04 of 2nd period - Wrist shot by J.T. Miller.
12:04 of 2nd period - Stopped by Connor Hellebuyck with a rebound.
12:10 of 2nd period - Slapshot by Brayden Point.
12:10 of 2nd period - Goal by Brayden Point - Calgary Flames : 0 - St.Louis Blues : 1.
12:11 of 2nd period - Joel Eriksson Ek wins face-off versus Jack Eichel in neutral zone.
12:22 of 2nd period - Wrist shot by Sebastian Aho.
12:22 of 2nd period - Shot Misses the Net.
12:27 of 2nd period - Icing by Alex Pietrangelo.
12:28 of 2nd period - J.T. Miller wins face-off versus Jack Eichel in St.Louis Blues zone.
12:43 of 2nd period - Snap shot by Matthew Tkachuk.
12:43 of 2nd period - Shot Misses the Net.
13:01 of 2nd period - Snap shot by Jake Guentzel.
13:01 of 2nd period - Goal by Jake Guentzel - Calgary Flames : 0 - St.Louis Blues : 2.
13:02 of 2nd period - Sebastian Aho wins face-off versus Jack Eichel in neutral zone.
13:39 of 2nd period - Wrist shot by Jack Eichel.
13:39 of 2nd period - Deflect By Elias Pettersson.
13:39 of 2nd period - Shot Hit the Post.
13:39 of 2nd period - Puck is out of play.
13:40 of 2nd period - Bo Horvat wins face-off versus Robert Thomas in Calgary Flames zone.
13:53 of 2nd period - Wrist shot by Oliver Bjorkstrand.
13:53 of 2nd period - Shot Misses the Net.
13:55 of 2nd period - Snap shot by Pavel Zacha.
13:55 of 2nd period - Stopped by Connor Hellebuyck without a rebound.
13:56 of 2nd period - Elias Lindholm wins face-off versus J.T. Miller in St.Louis Blues zone.
14:07 of 2nd period - Elias Lindholm is hit by Jeremy Lauzon and loses puck.
14:22 of 2nd period - Chris Kreider is hit by Brandon Hagel and loses puck.
15:10 of 2nd period - Icing by Dakota Joshua.
15:11 of 2nd period - Lars Eller wins face-off versus Bo Horvat in St.Louis Blues zone.
15:18 of 2nd period - Wrist shot by Pavel Zacha.
15:18 of 2nd period - Shot Misses the Net.
15:22 of 2nd period - Snap shot by Bo Horvat.
15:22 of 2nd period - Deflect By Pavel Zacha.
15:22 of 2nd period - Shot Misses the Net.
15:22 of 2nd period - Puck is out of play.
15:23 of 2nd period - Sebastian Aho wins face-off versus Jack Eichel in St.Louis Blues zone.
15:32 of 2nd period - Snap shot by Jack Eichel.
15:32 of 2nd period - Stopped by Ilya Sorokin without a rebound.
15:33 of 2nd period - Jack Eichel wins face-off versus Sebastian Aho in Calgary Flames zone.
15:46 of 2nd period - Wrist shot by Jack Eichel.
15:46 of 2nd period - Stopped by Ilya Sorokin without a rebound.
15:47 of 2nd period - Bo Horvat wins face-off versus Robert Thomas in Calgary Flames zone.
15:49 of 2nd period - Icing by Oliver Bjorkstrand.
15:50 of 2nd period - Robert Thomas wins face-off versus Bo Horvat in Calgary Flames zone.
15:57 of 2nd period - Wrist shot by Jake Guentzel.
15:57 of 2nd period - Stopped by Ilya Sorokin with a rebound.
16:19 of 2nd period - Snap shot by Elias Pettersson.
16:19 of 2nd period - Shot Misses the Net.
16:21 of 2nd period - Snap shot by Elias Pettersson.
16:21 of 2nd period - Shot Blocked by J.T. Miller.
16:23 of 2nd period - Snap shot by Alex Pietrangelo.
16:23 of 2nd period - Shot Misses the Net.
16:25 of 2nd period - Slapshot by Jack Eichel.
16:25 of 2nd period - Stopped by Ilya Sorokin without a rebound.
16:26 of 2nd period - Sebastian Aho wins face-off versus Jack Eichel in Calgary Flames zone.
16:38 of 2nd period - Icing by Jack Eichel.
16:39 of 2nd period - Bo Horvat wins face-off versus Jack Eichel in St.Louis Blues zone.
16:52 of 2nd period - Backhand shot by Oliver Bjorkstrand.
16:52 of 2nd period - Stopped by Connor Hellebuyck without a rebound.
16:53 of 2nd period - Robert Thomas wins face-off versus J.T. Miller in St.Louis Blues zone.
17:27 of 2nd period - Slapshot by Jake Guentzel.
17:27 of 2nd period - Stopped by Ilya Sorokin with a rebound.
17:49 of 2nd period - Slapshot by Joel Eriksson Ek.
17:49 of 2nd period - Deflect By Zach Hyman.
17:49 of 2nd period - Stopped by Connor Hellebuyck without a rebound.
17:50 of 2nd period - Jack Eichel wins face-off versus Sebastian Aho in St.Louis Blues zone.
18:23 of 2nd period - Slapshot by Matthew Tkachuk.
18:23 of 2nd period - Shot Misses the Net.
18:55 of 2nd period - Off-side.
18:56 of 2nd period - J.T. Miller wins face-off versus Brandon Hagel in neutral zone.
19:23 of 2nd period - Zach Hyman is hit by Jack Eichel and loses puck.
19:30 of 2nd period - Snap shot by Brayden Point.
19:30 of 2nd period - Shot Misses the Net.
19:32 of 2nd period - Backhand shot by Elias Pettersson.
19:32 of 2nd period - Shot Blocked by Jake Middleton.
19:34 of 2nd period - Backhand shot by Jake Sanderson.
19:34 of 2nd period - Stopped by Ilya Sorokin without a rebound.
19:35 of 2nd period - Bo Horvat wins face-off versus Mark Stone in Calgary Flames zone.
19:44 of 2nd period - Wrist shot by Oliver Bjorkstrand.
19:44 of 2nd period - Stopped by Connor Hellebuyck without a rebound.
19:45 of 2nd period - Elias Lindholm wins face-off versus Bo Horvat in St.Louis Blues zone.
19:51 of 2nd period - Off-side.
19:52 of 2nd period - Jake Guentzel wins face-off versus J.T. Miller in neutral zone.
Goals for this period are 0 for Calgary Flames vs 2 for St.Louis Blues.
Shots for this period are 9 for Calgary Flames vs 13 for St.Louis Blues.
3rd period
0:01 of 3rd period - Sebastian Aho wins face-off versus Robert Thomas in neutral zone.
1:13 of 3rd period - Wrist shot by Brandon Hagel.
1:13 of 3rd period - Goal by Brandon Hagel - Calgary Flames : 0 - St.Louis Blues : 3.
1:14 of 3rd period - Bo Horvat wins face-off versus Robert Thomas in neutral zone.
1:19 of 3rd period - Snap shot by Pavel Zacha.
1:19 of 3rd period - Stopped by Connor Hellebuyck without a rebound.
1:20 of 3rd period - Bo Horvat wins face-off versus Robert Thomas in St.Louis Blues zone.
1:26 of 3rd period - Icing by Jake Guentzel.
1:27 of 3rd period - J.T. Miller wins face-off versus Robert Thomas in St.Louis Blues zone.
1:34 of 3rd period - Wrist shot by Matthew Tkachuk.
1:34 of 3rd period - Stopped by Connor Hellebuyck with a rebound.
1:36 of 3rd period - Wrist shot by J.T. Miller.
1:36 of 3rd period - Goal by J.T. Miller - Calgary Flames : 1 - St.Louis Blues : 3.
1:37 of 3rd period - J.T. Miller wins face-off versus Jack Eichel in neutral zone.
2:08 of 3rd period - Jake Guentzel is hit by Pavel Zacha and loses puck.
2:49 of 3rd period - Snap shot by Mathieu Joseph.
2:49 of 3rd period - Shot Blocked by Dakota Joshua.
2:51 of 3rd period - Snap shot by Drew Doughty.
2:51 of 3rd period - Shot Blocked by Dakota Joshua.
2:53 of 3rd period - Wrist shot by Nicholas Paul.
2:53 of 3rd period - Shot Hit the Post.
2:55 of 3rd period - Snap shot by Mathieu Joseph.
2:55 of 3rd period - Shot Misses the Net.
3:05 of 3rd period - Chris Kreider is hit by Elias Pettersson.
3:09 of 3rd period - Colton Parayko is hit by Matthew Tkachuk.
3:58 of 3rd period - Wrist shot by Alex Tuch.
3:58 of 3rd period - Shot Misses the Net.
4:03 of 3rd period - Off-side.
4:04 of 3rd period - Sebastian Aho wins face-off versus Lars Eller in neutral zone.
4:31 of 3rd period - Chris Kreider is hit by Jack Eichel.
4:37 of 3rd period - Slapshot by Jack Eichel.
4:37 of 3rd period - Stopped by Ilya Sorokin with a rebound.
4:39 of 3rd period - Wrist shot by Jack Eichel.
4:39 of 3rd period - Deflect By Brayden Point.
4:39 of 3rd period - Shot Misses the Net.
4:39 of 3rd period - Puck is out of play.
4:40 of 3rd period - Bo Horvat wins face-off versus Robert Thomas in Calgary Flames zone.
4:49 of 3rd period - Wrist shot by Cale Makar.
4:49 of 3rd period - Deflect By Jake Guentzel.
4:49 of 3rd period - Stopped by Connor Hellebuyck without a rebound.
4:50 of 3rd period - Bo Horvat wins face-off versus Robert Thomas in St.Louis Blues zone.
4:51 of 3rd period - Snap shot by Oliver Bjorkstrand.
4:51 of 3rd period - Shot Misses the Net.
4:57 of 3rd period - Wrist shot by Pavel Zacha.
4:57 of 3rd period - Deflect By Jake Guentzel.
4:57 of 3rd period - Shot Misses the Net.
4:57 of 3rd period - Puck is out of play.
4:58 of 3rd period - Jack Eichel wins face-off versus J.T. Miller in St.Louis Blues zone.
5:31 of 3rd period - Snap shot by Elias Lindholm.
5:31 of 3rd period - Stopped by Ilya Sorokin without a rebound.
5:32 of 3rd period - Sebastian Aho wins face-off versus Elias Lindholm in Calgary Flames zone.
5:41 of 3rd period - Snap shot by Mark Stone.
5:41 of 3rd period - Deflect By Alex Tuch.
5:41 of 3rd period - Shot Misses the Net.
5:41 of 3rd period - Puck is out of play.
5:42 of 3rd period - Jake Guentzel wins face-off versus Sebastian Aho in Calgary Flames zone.
5:49 of 3rd period - Jake Guentzel is hit by Zach Hyman and loses puck.
6:24 of 3rd period - Snap shot by Brandon Hagel.
6:24 of 3rd period - Stopped by Ilya Sorokin without a rebound.
6:25 of 3rd period - Jack Eichel wins face-off versus Bo Horvat in Calgary Flames zone.
6:26 of 3rd period - Snap shot by Brayden Point.
6:26 of 3rd period - Shot Blocked by Bo Horvat.
6:28 of 3rd period - Slapshot by Nick Leddy.
6:28 of 3rd period - Shot Misses the Net.
6:30 of 3rd period - Snap shot by Mikhail Sergachev.
6:30 of 3rd period - Shot Misses the Net.
6:34 of 3rd period - Snap shot by Elias Pettersson.
6:34 of 3rd period - Shot Misses the Net.
6:57 of 3rd period - Snap shot by Matthew Tkachuk.
6:57 of 3rd period - Stopped by Connor Hellebuyck without a rebound.
6:58 of 3rd period - J.T. Miller wins face-off versus Elias Lindholm in St.Louis Blues zone.
7:31 of 3rd period - Wrist shot by Jack Eichel.
7:31 of 3rd period - Shot Misses the Net.
7:33 of 3rd period - Slapshot by Jake Sanderson.
7:33 of 3rd period - Stopped by Ilya Sorokin without a rebound.
7:34 of 3rd period - Sebastian Aho wins face-off versus Robert Thomas in Calgary Flames zone.
8:03 of 3rd period - Icing by Jake Guentzel.
8:04 of 3rd period - Robert Thomas wins face-off versus Matthew Tkachuk in St.Louis Blues zone.
9:01 of 3rd period - Slapshot by Cale Makar.
9:01 of 3rd period - Shot Blocked by Alex Pietrangelo.
9:01 of 3rd period - Alex Pietrangelo from St.Louis Blues is injured at 9:01 of 3rd period (Strained Right Elbow).
9:02 of 3rd period - Bo Horvat wins face-off versus Jack Eichel in St.Louis Blues zone.
9:03 of 3rd period - Wrist shot by Oliver Bjorkstrand.
9:03 of 3rd period - Stopped by Connor Hellebuyck with a rebound.
9:05 of 3rd period - Minor Penalty to Jaccob Slavin for High sticking.
9:06 of 3rd period - Lars Eller wins face-off versus Sebastian Aho in St.Louis Blues zone.
9:17 of 3rd period - Alex Tuch is hit by Pavel Zacha and loses puck.
11:05 of 3rd period - Penalty to Jaccob Slavin is over, Jaccob Slavin is back on ice.
11:13 of 3rd period - Icing by Nicholas Paul.
11:14 of 3rd period - Jack Eichel wins face-off versus Nicholas Paul in Calgary Flames zone.
11:15 of 3rd period - Snap shot by Elias Pettersson.
11:15 of 3rd period - Stopped by Ilya Sorokin with a rebound.
11:25 of 3rd period - Slapshot by Mathieu Joseph.
11:25 of 3rd period - Stopped by Connor Hellebuyck with a rebound.
11:35 of 3rd period - Nic Dowd is hit by Brayden Point and loses puck.
12:07 of 3rd period - Cale Makar is hit by Jake Sanderson and loses puck.
12:36 of 3rd period - Wrist shot by Elias Pettersson.
12:36 of 3rd period - Stopped by Ilya Sorokin without a rebound.
12:37 of 3rd period - Robert Thomas wins face-off versus Sebastian Aho in Calgary Flames zone.
12:42 of 3rd period - Wrist shot by Jake Guentzel.
12:42 of 3rd period - Stopped by Ilya Sorokin without a rebound.
12:43 of 3rd period - Robert Thomas wins face-off versus Sebastian Aho in Calgary Flames zone.
12:46 of 3rd period - Slapshot by Robert Thomas.
12:46 of 3rd period - Shot Misses the Net.
12:48 of 3rd period - Snap shot by Nick Leddy.
12:48 of 3rd period - Shot Misses the Net.
12:50 of 3rd period - Slapshot by Mikhail Sergachev.
12:50 of 3rd period - Shot Misses the Net.
13:14 of 3rd period - Snap shot by Mark Stone.
13:14 of 3rd period - Shot Misses the Net.
13:57 of 3rd period - Slapshot by Zach Hyman.
13:57 of 3rd period - Stopped by Connor Hellebuyck without a rebound.
13:58 of 3rd period - Elias Lindholm wins face-off versus Chris Kreider in St.Louis Blues zone.
14:39 of 3rd period - Zach Hyman is hit by Brandon Hagel.
15:13 of 3rd period - Snap shot by Nicholas Paul.
15:13 of 3rd period - Deflect By Nic Dowd.
15:13 of 3rd period - Stopped by Connor Hellebuyck without a rebound.
15:14 of 3rd period - Logan O'Connor wins face-off versus Nicholas Paul in St.Louis Blues zone.
15:38 of 3rd period - Slapshot by Lars Eller.
15:38 of 3rd period - Shot Misses the Net.
15:40 of 3rd period - Wrist shot by Logan O'Connor.
15:40 of 3rd period - Shot Misses the Net.
15:42 of 3rd period - Slapshot by Nick Leddy.
15:42 of 3rd period - Shot Blocked by Matthew Tkachuk.
15:44 of 3rd period - Snap shot by Logan O'Connor.
15:44 of 3rd period - Deflect By J.T. Miller.
15:44 of 3rd period - Stopped by Ilya Sorokin with a rebound.
15:46 of 3rd period - Snap shot by Lars Eller.
15:46 of 3rd period - Shot Blocked by Jake Middleton.
15:48 of 3rd period - Wrist shot by Mikhail Sergachev.
15:48 of 3rd period - Stopped by Ilya Sorokin with a rebound.
15:54 of 3rd period - Snap shot by Lars Eller.
15:54 of 3rd period - Stopped by Ilya Sorokin without a rebound.
15:55 of 3rd period - Bo Horvat wins face-off versus Elias Lindholm in Calgary Flames zone.
15:57 of 3rd period - Minor Penalty to Jeremy Lauzon for Tripping.
15:58 of 3rd period - J.T. Miller wins face-off versus Robert Thomas in Calgary Flames zone.
16:24 of 3rd period - Cale Makar is hit by Brandon Hagel and loses puck.
17:57 of 3rd period - Penalty to Jeremy Lauzon is over, Jeremy Lauzon is back on ice.
18:05 of 3rd period - Dakota Joshua is hit by Jake Middleton and loses puck.
18:12 of 3rd period - Jake Middleton is hit by Logan O'Connor and loses puck.
18:30 of 3rd period - Icing by Jake Middleton.
18:31 of 3rd period - Elias Pettersson wins face-off versus J.T. Miller in Calgary Flames zone.
18:40 of 3rd period - Slapshot by Filip Hronek.
18:40 of 3rd period - Deflect By Jack Eichel.
18:40 of 3rd period - Stopped by Connor Hellebuyck without a rebound.
18:41 of 3rd period - Pavel Zacha wins face-off versus Brayden Point in St.Louis Blues zone.
18:42 of 3rd period - Snap shot by Bo Horvat.
18:42 of 3rd period - Shot Blocked by Jack Eichel.
19:11 of 3rd period - Alex Tuch is hit by Nic Dowd and loses puck.
19:46 of 3rd period - Slapshot by Cale Makar.
19:46 of 3rd period - Shot Blocked by Nick Leddy.
Goals for this period are 1 for Calgary Flames vs 1 for St.Louis Blues.
Shots for this period are 10 for Calgary Flames vs 11 for St.Louis Blues.
Back to the Top